 Dungeon Crawl Stone Soup version 0.31-a0-193-gdfe2569204 (webtiles) character file.

Game seed: 5158189174933512828

23 qw the Shooter (level 2, 0/16 HPs)
             Began as a Deep Elf Hunter on June 24, 2023.
             Slain by a worm (9 damage)
             ... on level 1 of the Dungeon.
             The game lasted 00:00:17 (946 turns).

qw the Shooter (Deep Elf Hunter)                     Turns: 946, Time: 00:00:17

Health: 0/16       AC:  6    Str:  8    XL:     2   Next: 75%
Magic:  4/4        EV:  8    Int: 13    God:
Gold:   60         SH:  0    Dex: 18    Spells: 1/1 levels left

rFire   . . .        Y - +0 shortbow
rCold   . . .        (shield currently unavailable)
rNeg    . . .        f - +0 scale mail
rPois   .            (no helmet)
rElec   .            (no cloak)
rCorr   .            (no gloves)
SInv    .            (no boots)
Will    .....        (no amulet)
Stlth   +            (no ring)
HPRegen 0.22/turn    (no ring)
MPRegen 0.09/turn

%: no passive effects
@: no status effects
A: no striking features
a: no special abilities


You were on level 1 of the Dungeon.
You visited 1 branch of the dungeon, and saw 2 of its levels.

You collected 60 gold pieces.


   Skills:
 - Level 1.5 Fighting
 + Level 6.5 Ranged Weapons
 - Level 2.4 Dodging
 - Level 1.2 Stealth


You had one spell level left.
You didn't know any spells.
Your spell library was empty.

Inventory:

Hand Weapons
 Y - a +0 shortbow (weapon)
Armour
 f - a +0 scale mail (worn)
Scrolls
 a - a scroll of identify
Potions
 e - a potion of heal wounds

Dungeon Overview and Level Annotations

Branches:
Dungeon (2/15)

Altars:


Message History

The jackal barely misses you. The jackal bites you.
The jackal bites you but does no damage.
You shoot an arrow. The arrow hits the jackal.
You kill the jackal!
The jackal barely misses you. The jackal bites you. x3
You shoot an arrow. The arrow hits the jackal.
You kill the jackal!
The jackal barely misses you.
The jackal bites you but does no damage.
You shoot an arrow. The arrow hits the jackal.
The jackal is lightly wounded.
The jackal bites you. The jackal barely misses you.
You shoot an arrow. The arrow hits the jackal.
The jackal is moderately wounded.
The jackal barely misses you. The jackal bites you.
You shoot an arrow. The arrow closely misses the jackal.
The jackal bites you but does no damage. x2
You shoot an arrow. The arrow barely misses the jackal.
The jackal completely misses you.
The jackal bites you but does no damage.
You shoot an arrow. The arrow closely misses the jackal.
The jackal bites you but does no damage. x2
You shoot an arrow. The arrow hits the jackal!
You kill the jackal!
You start resting.
HP restored.
Done exploring.
(D) Dungeon
Where to? (* - list waypoints, Enter - D:2, ? - help)
What level of the Dungeon? (default 1, ? - help)
You climb downwards.
The worm bites you!
Ouch! That really hurt!
There is a stone staircase leading up here.
944 ||| STAIRDANCE You climb upwards.
There is a stone staircase leading down, spattered with blood here.
You shoot an arrow. The arrow completely misses the worm.
The worm bites you!
Ouch! That really hurt!
You die...

#..........# #... #.###......#
###'## #.# #......# #..... #.#
#......# #..... #.# #....|.#
#..... #.# #......######.....
########.###.#...............
#......#.....#.#########.....
#......'...w@#........####..#
#......#....%...#####.# #..#
#...................#.####..#
#.............##.............
#...................#.####..#
#####.#............##.####..#
#.#............'........#
######.##+#+##......########.#
##...........##..!.............


You could see a worm.

Vanquished Creatures
  A dart slug (D:1)
  A bat (D:1)
  2 endoplasms (D:1)
  4 goblins (D:1)
  3 jackals (D:1)
  3 ball pythons
  2 kobolds (D:1)
  4 rats (D:1)
20 creatures vanquished.

Notes
Turn   | Place    | Note
-------+----------+-------------------------------------------
     0 | D:1      | qw the Deep Elf Hunter began the quest for the Orb.
     0 | D:1      | Reached XP level 1. HP: 12/12 MP: 3/3
     0 | D:1      | 0 ||| qw: Version: 0.3-a-9-g12657ce
     0 | D:1      | 0 ||| qw: Game counter: 4652
     0 | D:1      | 0 ||| qw: Always use a shield: true
     0 | D:1      | 0 ||| qw: God list: Okawaru
     0 | D:1      | 0 ||| qw: Allow faded altars: false
     0 | D:1      | 0 ||| qw: Do Orc after D:15 true
     0 | D:1      | 0 ||| qw: Do second Lair branch before Depths: true
     0 | D:1      | 0 ||| qw: Lair rune preference: random
     0 | D:1      | 0 ||| qw: Plans: Normal
     0 | D:1      | 0 ||| PLANNING D:1-11
   212 | D:1      | Reached XP level 2. HP: 16/16 MP: 4/4
   374 | D:1      | Reached skill level 6 in Ranged Weapons
   852 | D:1      | 852 ||| UPGRADING to +0 scale mail.
   862 | D:1      | 862 ||| DROPPING +0 leather armour.
   863 | D:1      | 863 ||| READING 4 scrolls labelled BOPPUM OLIDGH.
   864 | D:1      | 864 ||| READING scroll labelled TAXEGEFENE.
   869 | D:1      | 869 ||| READING scroll labelled GOMOFILEOT.
   870 | D:1      | 870 ||| READING scroll labelled IRRITZ KOUSUI.
   871 | D:1      | 871 ||| READING 3 scrolls of identify.
   871 | D:1      | 871 ||| IDENTIFYING metallic emerald potion
   872 | D:1      | 872 ||| READING 2 scrolls of identify.
   872 | D:1      | 872 ||| IDENTIFYING fuming grey potion
   873 | D:1      | 873 ||| DROPPING scroll of butterflies.
   874 | D:1      | 874 ||| DROPPING potion of lignification.
   888 | D:2      | 888 ||| STAIRDANCE
   944 | D:2      | 944 ||| STAIRDANCE
   946 | D:1      | Slain by a worm

Levels and vault maps discovered:
D:1:      sevenhm_arrival_forest_fort_small_5, layout_basic,
          minmay_stone_trees_small, minmay_tromino_v4_a
D:2:      layout_basic

Skill      XL: |  1  2 |
---------------+-------+-----
Ranged Weapons | 6 |  6.5
Fighting       | |  1.5
Dodging        | |  2.4
Stealth        | |  1.2

Action                     || total
---------------------------++-------
   Fire: Shortbow          ||    55
    Use: Scroll            ||     6
 Armour: Leather armour    ||     1
         Scale mail        ||    24
  Dodge: Dodged            ||    26

Table legend:
 A = Non-vault XP
 B = Vault XP
 C = Vault XP percentage of total XP
 D = Non-vault monster count
 E = Vault monster count
 F = Vault count percentage of total count
                 A         B        C        D         E       F
            +---------+---------+-------+---------+---------+-------
      Total |      28 |       6 |  17.6 |      17 |       3 |  15.0
            +---------+---------+-------+---------+---------+-------
        D:1 |      26 |       6 |  18.8 |      16 |       3 |  15.8
        D:2 |       2 |       0 |   0.0 |       1 |       0 |   0.0
            +---------+---------+-------+---------+---------+-------
